 Dungeon Crawl Stone Soup version 0.30-a0-1050-g2766ea1e55 (webtiles) character file.

Game seed: 18127679010085043612

53 Arcadio the Grave Robber (level 3, 0/26 HPs)
             Began as a Ghoul Necromancer on Apr 10, 2023.
             Slain by a bat (1 damage)
             ... on level 2 of the Dungeon.
             The game lasted 00:07:46 (1761 turns).

Arcadio the Grave Robber (Ghoul Necromancer)        Turns: 1761, Time: 00:07:46

Health: 0/26       AC:  4    Str: 11    XL:     3   Next: 89%
Magic:  0/5        EV: 12    Int: 12    God:
Gold:   116        SH:  0    Dex:  9    Spells: 2/6 levels left

rFire   . . .      SeeInvis .    (no weapon)
rCold   + . .      Faith    .    (no shield)
rNeg    + + +      Spirit   .    a - +0 robe
rPois   ∞          Reflect  .    (no helmet)
rElec   .          Rampage  .    (no cloak)
rCorr   .                        i - +1 pair of gloves
Will    .....                    (no boots)
Stlth   ++                       (no amulet)
HPRegen 0.00/turn                (no ring)
MPRegen 0.09/turn                (no ring)

@: inhibited regen
A: claws 1, cold resistance 1, negative energy resistance 3, inhibited
regeneration, torment resistance 2, devour on kill
a: no special abilities


You were on level 2 of the Dungeon.
You visited 1 branch of the dungeon, and saw 3 of its levels.

You collected 116 gold pieces.

Inventory:

Hand Weapons
 j - a +0 hand axe
Missiles
 k - 2 javelins (quivered)
Armour
 a - a +0 robe (worn)
 i - a +1 pair of gloves (worn)
Scrolls
 c - a scroll of identify
 f - a scroll of fear {unknown}
 g - a scroll of immolation {unknown}
 h - 2 scrolls of teleportation {unknown}
Potions
 b - a potion of magic
 d - a potion of haste
 e - a potion of flight
 l - a potion of curing {unknown}
 m - a potion of berserk rage {unknown}


   Skills:
 + Level 2.5 Dodging
 - Level 2.1 Stealth
 + Level 2.4 Spellcasting
 + Level 4.5 Necromancy


You had 2 spell levels left.
You knew the following spells:

 Your Spells              Type           Power      Damage    Failure   Level
a - Necrotise             Necr           48%        1d6       4%          1
b - Vampiric Draining     Necr           12%        2d6       12%         3

Your spell library contained the following spells:

 Spells                   Type           Power      Damage    Failure   Level
 Poisonous Vapours        Pois/Air       2%         N/A       36%         2
 Animate Dead             Necr           12%        N/A       38%         4
 Mephitic Cloud           Conj/Pois/Air  1%         N/A       61%         3
 Agony                    Necr           12%        N/A       75%         5
 Freezing Cloud           Conj/Ice/Air   0%         6-21      100%        5


Dungeon Overview and Level Annotations

Branches:
Dungeon (3/15) Zot: 16236

Altars:
Uskayaw

Shops:
D:2 [


Innate Abilities, Weirdness & Mutations

You are immune to poison.
You have sharp fingernails.
Your flesh is cold resistant. (rC+)
You are immune to negative energy. (rN+++)
You do not regenerate when monsters are visible.
You are immune to unholy pain and torment.
You thrive by killing the living.


Message History

The worm writhes in agony.
The worm bites you.
Casting: Necrotise (safe; 4% risk of failure)
Confirm with . or Enter, or press ? or * to list all spells.
Aiming: Necrotise (safe; 4% risk of failure)
Press: ? - help, Shift-Dir - straight line, f/p - worm
Aim: a worm (moderately wounded, chance to affect: 75%)
The worm writhes in agony.
Casting: Necrotise (safe; 4% risk of failure)
Confirm with . or Enter, or press ? or * to list all spells.
Aiming: Necrotise (safe; 4% risk of failure)
Press: ? - help, Shift-Dir - straight line, f/p - worm
Aim: a worm (heavily wounded, chance to affect: 75%)
The worm writhes in agony.
The worm bites you!
* * * LOW HITPOINT WARNING * * *
Casting: Necrotise (safe; 4% risk of failure)
Confirm with . or Enter, or press ? or * to list all spells.
Aiming: Necrotise (safe; 4% risk of failure)
Press: ? - help, Shift-Dir - straight line, f/p - worm
Aim: a worm (severely wounded, chance to affect: 75%)
The worm struggles to resist.
The worm barely misses you.
Casting: Necrotise (safe; 4% risk of failure)
Confirm with . or Enter, or press ? or * to list all spells.
You don't have enough magic to cast this spell.
Unknown command.
The bat misses you. The bat misses you.
There is a stone staircase leading up here.
The bat hits you but does no damage. x2
You climb upwards.
There is a stone staircase leading down here.
Casting: Necrotise (safe; 4% risk of failure)
Confirm with . or Enter, or press ? or * to list all spells.
Aiming: Necrotise (safe; 4% risk of failure)
Press: ? - help, Shift-Dir - straight line, f - bat
Aim: a bat (chance to affect: 81%)
The bat writhes in agony.
The bat misses you.
You closely miss the bat.
The bat is moderately wounded.
The bat hits you.
You die...

#......##.# #.#.#
.......##.####.#.##
.......##........)#
#......##...###...#
..........#.# #..##
#........##.###..#
#........##.##...#
............#...b#
..#.#......÷..#.@#
#.#...........#..#
..###............#
...##............##
..............##..#
.............8##..#
..##..............#
.............∩##.##
..#..............##


You could see a bat.

Vanquished Creatures
  2 adders (D:2)
  4 ball pythons
  4 endoplasms
  3 giant cockroaches
  3 goblins (D:1)
  2 hobgoblins (D:1)
  2 quokkas
  4 bats
  3 frilled lizards
  3 kobolds (D:1)
  4 rats (D:1)
34 creatures vanquished.

Notes
Turn   | Place    | Note
-------+----------+-------------------------------------------
     0 | D:1      | Arcadio the Ghoul Necromancer began the quest for the Orb.
     0 | D:1      | Reached XP level 1. HP: 14/14 MP: 2/2
   181 | D:1      | Reached XP level 2. HP: 18/20 MP: 4/4
   799 | D:1      | Reached XP level 3. HP: 25/26 MP: 2/5
  1157 | D:2      | Learned a level 3 spell: Vampiric Draining
  1341 | D:2      | Found Ibriene's Armour Emporium.
  1609 | D:2      | Found a faded altar of an unknown god.
  1728 | D:3      | Found a hide-covered altar of Uskayaw.
  1752 | D:3      | HP: 1/26 [worm (9)]
  1761 | D:2      | Slain by a bat

Illustrated notes

Levels and vault maps discovered:
D:1:      lemuel_arrival_muddy, layout_loops_ring
D:2:      layout_rooms, serial_shops, shop_statue,
          shapermc_ecumenical_altar_notcrosses
D:3:      layout_loops_ring, eat_drink_and_be_merry_uskayaw,
          mainiacjoe_overflow_surrounded_room, uniq_robin,
          uniq_crazy_yiuf_cottage, uniq_terence, uniq_jessica

Skill      XL: |  1 |
---------------+----+-----
Dodging        | 2 |  2.5
Spellcasting   | 2 |  2.4
Stealth        | |  2.1
Necromancy     | |  4.5

Action                     || total
---------------------------++-------
  Melee: Unarmed           ||   144
         Punch             ||     1
   Cast: Necrotise         ||    43
    Use: Scroll            ||     2
   Stab: Sleeping          ||     1
 Armour: Robe              ||    44
  Dodge: Dodged            ||   110

Table legend: (Time is in decaauts)
 A = Elapsed time spent in this place.
 B = Non-inter-level travel time spent in this place.
 C = Inter-level travel time spent in this place.
 D = Time resting spent in this place.
 E = Time spent auto-exploring this place.
 F = Levels seen in this place.
 G = Mean time per level.
                   A        B        C        D        E       F      G
               +--------+--------+--------+--------+--------+-----+--------+
         Total |   1762 |   1717 |     45 |     91 |   1206 |   3 |  587.3 |
       Dungeon |   1762 |   1717 |     45 |     91 |   1206 |   3 |  587.3 |
               +--------+--------+--------+--------+--------+-----+--------+

Top non-repeatable levels by time:
     D:1: 959 daAuts
     D:2: 773 daAuts
     D:3: 30 daAuts
